 Dungeon Crawl Stone Soup version 0.30.1-4-g462c640d31 (webtiles) character file.

Game seed: 15366743132964480591

432 Powssss the Chopper (level 6, -3/56 HPs)
             Began as a Minotaur Berserker on Aug 25, 2023.
             Was a Priest of Trog.
             Slain by Maggie
             ... wielding a +0 long sword
              (9 damage)
             ... on level 7 of the Dungeon.
             The game lasted 00:06:17 (3298 turns).

Powssss the Chopper (Minotaur Berserker)            Turns: 3298, Time: 00:06:17

Health: -3/56      AC:  8    Str: 23    XL:     6   Next: 67%
Magic:  5/5        EV: 11    Int:  4    God:    Trog [***...]
Gold:   158        SH:  0    Dex: 10    Spells: 5/5 levels left

rFire   + . .        a - +0 hand axe
rCold   . . .        (no shield)
rNeg    . . .        i - +2 ring mail {rF+}
rPois   .            (helmet restricted)
rElec   .            (no cloak)
rCorr   .            (no gloves)
SInv    .            (no boots)
Will    .....        (no amulet) Stlth
                     (no ring)
HPRegen 0.29/turn    (no ring)
MPRegen 0.09/turn

%: no passive effects
@: mesmerised
A: horns 2, retaliatory headbutt
a: Renounce Religion, Berserk, Trog's Hand


You were on level 7 of the Dungeon.
You worshipped Trog.
Trog was most pleased with you.
You visited 1 branch of the dungeon, and saw 5 of its levels.

You collected 158 gold pieces.

Inventory:

Hand Weapons
 a - a +0 hand axe (weapon)
Missiles
 b - 5 poisoned darts
 f - 2 throwing nets
 p - 4 javelins
Armour
 i - a +2 ring mail of fire resistance (worn)
Scrolls
 g - 2 scrolls of blinking
 j - a scroll of fog
 l - a scroll of enchant weapon {unknown}
 o - a scroll of fear
Potions
 c - 3 potions of flight
 d - a potion of curing {unknown}
 e - a potion of haste {unknown}
 h - 2 potions of heal wounds
 k - 2 potions of brilliance {unknown}
 m - a potion of might {unknown}
 n - a potion of lignification {unknown}


   Skills:
 + Level 5.3 Fighting
 * Level 6.1 Axes
 + Level 2.2 Throwing
 + Level 4.5 Armour
 - Level 3.1 Dodging


You had 5 spell levels left.
You didn't know any spells.
Your spell library was empty.

Dungeon Overview and Level Annotations

Branches:
Dungeon (7/15)
 Temple: D:4-7

Altars:
Cheibriados

Annotations:
D:7 Maggie


Innate Abilities, Weirdness & Mutations

You have a pair of horns on your head.
You reflexively headbutt those who attack you in melee.


Message History

You hit Maggie.
Maggie is lightly wounded.
Maggie misses you.
You barely miss Maggie.
Maggie is lightly wounded.
The shadow imp picks up a beetle and eats it.
Maggie practices a pose.
Maggie hits you with a +0 long sword.
You hit Maggie. You headbutt Maggie!
Maggie is moderately wounded.
Maggie barely misses you. You furiously retaliate!
You headbutt Maggie. You barely miss Maggie. You headbutt Maggie.
Maggie is heavily wounded.
Maggie mumbles some strange words.
Maggie attempts to bespell you!
You are mesmerised by Maggie!
You hit Maggie. You headbutt Maggie.
Maggie is heavily wounded.
Maggie mumbles some strange words.
Maggie draws you further into her thrall.
You hit Maggie but do no damage.
Maggie is heavily wounded.
Maggie closely misses you.
You hit Maggie but do no damage. You headbutt Maggie.
Maggie is heavily wounded.
Maggie hits you with a +0 long sword!
You hit Maggie but do no damage.
Maggie is heavily wounded.
Maggie mumbles the words to a spell, but in the wrong order.
Maggie gestures at you while chanting. The bolt of fire hits you! You resist.
* * * LOW HITPOINT WARNING * * *
You hit Maggie.
Maggie is severely wounded.
Maggie hits you with a +0 long sword!
* * * LOW HITPOINT WARNING * * *
You hit Maggie.
Maggie is severely wounded.
Maggie hits you with a +0 long sword!
You die...

###### #....#
#....# #....#
#...5# #....#
#....######
#.....5@@.#
#....####.## #....#
#..# ##.### ##.##
#. #..# ####### #.
##.## .....$) .
...##..#####.......
.
#......[..........
######.####......#


You could see Maggie (mesmerising) and a shadow imp.

Vanquished Creatures
  A hound (D:4)
  2 orc priests (D:3)
  A jelly (D:4)
  Jessica (D:2)
  Natasha (thrice) (D:3)
  2 orc wizards (D:4)
  A mummy (D:3)
  Robin (D:2)
  3 adders
  A gnoll (D:1)
  An ufetubus (D:3)
  A worm (D:2)
  3 dart slugs
  11 orcs
  5 bats
  5 endoplasms
  A giant cockroach (D:1)
  18 goblins
  4 hobgoblins
  4 quokkas
  3 ball pythons
  5 frilled lizards
  7 kobolds
  7 rats
91 creatures vanquished.

Notes
Turn   | Place    | Note
-------+----------+-------------------------------------------
     0 | D:1      | Powssss the Minotaur Berserker began the quest for the Orb.
     0 | D:1      | Reached XP level 1. HP: 19/19 MP: 0/0
   166 | D:1      | Reached XP level 2. HP: 27/27 MP: 1/1
   296 | D:1      | Reached skill level 4 in Axes
   384 | D:1      | Reached XP level 3. HP: 33/33 MP: 2/2
   602 | D:1      | Reached ** piety under Trog
   801 | D:2      | Noticed Jessica
   821 | D:2      | Killed Jessica
   983 | D:2      | Reached XP level 4. HP: 41/41 MP: 3/3
  1327 | D:2      | Noticed Robin
  1362 | D:2      | Killed Robin
  1664 | D:3      | Noticed Natasha
  1669 | D:3      | Killed Natasha
  1670 | D:3      | Reached XP level 5. HP: 38/47 MP: 4/4
  1711 | D:3      | Found a snail-covered altar of Cheibriados.
  1732 | D:3      | Noticed Natasha
  1740 | D:3      | Killed Natasha
  1741 | D:3      | Reached skill level 5 in Axes
  1741 | D:3      | Reached skill level 1 in Throwing
  1847 | D:3      | Reached skill level 5 in Fighting
  1951 | D:3      | Reached *** piety under Trog
  2319 | D:3      | Noticed Natasha
  2329 | D:3      | Killed Natasha
  2330 | D:3      | Reached XP level 6. HP: 44/56 MP: 5/5
  3006 | D:4      | Reached skill level 6 in Axes
  3256 | D:4      | You fall into a shaft and drop 3 floors!
  3279 | D:7      | Noticed Maggie
  3298 | D:7      | Slain by Maggie

Illustrated notes

Levels and vault maps discovered:
D:1:      eino_arrival_tree_alley, layout_basic
D:2:      layout_loops_ring, uniq_jessica, uniq_robin
D:3:      layout_basic, slow_altar_1, uniq_natasha
D:4:      layout_loops_corners
D:7:      layout_rooms, minmay_temple_entry_junction, uniq_joseph, uniq_maggie

Skill      XL: |  1  2  3  4  5  6 |
---------------+-------------------+-----
Axes           | 4 5 6 |  6.1
Fighting       | 4 5 |  5.3
Armour         | 3 4 |  4.5
Dodging        | 3 |  3.1
Throwing       | 1 2 |  2.2

Action                     |  1- 3 |  4- 6 || total
---------------------------+-------+-------++-------
  Melee: Hand axe          |    50 |   141 ||   191
         Headbutt          |     7 |    21 ||    28
         Punch             |     1 |     2 ||     3
    Use: Scroll            |       |     8 ||     8
   Stab: Sleeping          |       |     1 ||     1
 Armour: Animal skin       |    11 |       ||    11
         Ring mail         |       |    45 ||    45
  Dodge: Dodged            |    34 |    69 ||   103
